 Dungeon Crawl Stone Soup version 0.30-a0-879-ga8ba668304 (webtiles) character file.

Game seed: 14833153869199423012

226 cforsyth the Trooper (level 6, -4/51 HPs)
             Began as a Barachi Fighter on Mar 13, 2023.
             Slain by a gnoll
             ... wielding a +0 spear
             ... led by a gnoll bouda
              (11 damage)
             ... on level 3 of the Dungeon.
             The game lasted 00:02:55 (1895 turns).

cforsyth the Trooper (Barachi Fighter)              Turns: 1895, Time: 00:02:55

Health: -4/51      AC: 10    Str: 19    XL:     6   Next: 1%
Magic:  6/6        EV:  9    Int:  8    God:
Gold:   105        SH:  5    Dex: 12    Spells: 5/5 levels left

rFire   . . .      SeeInvis .    a - +0 war axe
rCold   . . .      Faith    .    c - +0 buckler
rNeg    . . .      Spirit   .    b - +0 scale mail
rPois   .          Reflect  .    (no helmet)
rElec   .          Rampage  .    p - +2 cloak {rCorr}
rCorr   +                        (no gloves)
Will    .....                    (no boots) Stlth
                                 (no amulet)
HPRegen 0.28/turn                (no ring)
MPRegen 0.10/turn                (no ring)

@: weakened, slow
A: amphibious, slowness 1, strong legs 1, +LOS
a: Hop


You were on level 3 of the Dungeon.
You visited 1 branch of the dungeon, and saw 3 of its levels.

You collected 105 gold pieces.

Inventory:

Hand Weapons
 a - a +0 war axe (weapon)
Armour
 b - a +0 scale mail (worn)
 c - a +0 buckler (worn)
 p - a +2 cloak of preservation (worn)
Scrolls
 f - a scroll of enchant weapon {unknown}
 i - a scroll of poison {unknown}
 k - 5 scrolls of identify {unknown}
 m - a scroll of magic mapping {unknown}
 n - a scroll of vulnerability {unknown}
 o - a scroll of enchant armour {unknown}
 q - a scroll of butterflies {unknown}
 r - a scroll of torment {unknown}
Potions
 d - a potion of might
 e - a potion of lignification {unknown}
 g - a potion of curing {unknown}
 h - a potion of mutation {unknown}
 j - a potion of heal wounds {unknown}
 l - a potion of berserk rage


   Skills:
 + Level 5.0 Fighting
 + Level 3.7 Axes
 + Level 5.0 Armour
 + Level 4.5 Shields


You had 5 spell levels left.
You didn't know any spells.
Your spell library contained the following spells:

 Spells                   Type           Power      Damage    Failure   Level
 Ensorcelled Hibernation  Hex/Ice        0%         N/A       94%         2
 Passwall                 Tmut/Erth      0%         N/A       94%         2
 Scorch                   Fire           0%         2d5       94%         2
 Swiftness                Air            0%         N/A       99%         3
 Flame Wave               Conj/Fire      0%         2d4       100%        4
 Summon Cactus Giant      Summ           0%         N/A       100%        6


Dungeon Overview and Level Annotations

Branches:
Dungeon (3/15)

Altars:
Elyvilon
Gozag
Hepliaklqana
Kikubaaqudgha
Nemelex Xobeh
Sif Muna
Vehumet

Shops:
D:2 =

Annotations:
D:2 Sigmund


Innate Abilities, Weirdness & Mutations

You are amphibious.
You cover ground slowly.
You can hop short distances.
You have an extended range of vision and can be seen from far away.


Message History

The gnoll bouda closely misses you.
You hit the gnoll bouda.
The gnoll bouda is almost dead.
The gnoll barely misses you.
The gnoll bouda mumbles some strange prayers to its god.
The gnoll bouda is healed somewhat.
The gnoll hits you from afar with a +0 spear.
You are too injured to fight recklessly!
You are too injured to fight recklessly!
You are too injured to fight recklessly!
You are too injured to fight recklessly!
You are too injured to fight recklessly!
You are too injured to fight recklessly!
You are too injured to fight recklessly!
You are too injured to fight recklessly!
You are too injured to fight recklessly!
You slash the gnoll bouda!
The gnoll bouda is almost dead.
The gnoll hits you but does no damage. The gnoll bouda barely misses you.
The gnoll hits you from afar with a +0 spear.
The gnoll bouda completely misses you.
The gnoll hits you from afar with a +0 spear.
You barely miss the gnoll bouda.
The gnoll bouda is almost dead.
Your attacks no longer feel as feeble.
The gnoll is no longer moving quickly.
The gnoll barely misses you.
The gnoll bouda hits you with a +0 club!
* * * LOW HITPOINT WARNING * * *
The gnoll hits you from afar with a +0 spear.
* * * LOW HITPOINT WARNING * * *
You hit the gnoll bouda but do no damage.
The gnoll bouda is almost dead.
The gnoll bouda gazes fiercely through you!
You feel your attacks grow feeble. You block the gnoll bouda's attack.
The gnoll hits you from afar with a +0 spear.
* * * LOW HITPOINT WARNING * * *
The gnoll bouda closely misses you.
The gnoll hits you from afar with a +0 spear!
You die...

#....#
####.#
#.# #.#
#.# #
#.#
######
#.#
#_..##
##.#
#..##.
#)@#
#.#'..
#....g##
###...
#.###g
###...⌠
.g
##.#....
...
#_.'..⌠.


P.PP ##.#.... .PP.. ###...⌠ #.P... ###... #...P. #.#'.. You could see a gnoll
bouda and 2 gnolls.

Vanquished Creatures
  Jessica (D:2)
  9 gnolls (D:3)
  4 adders
  A worm (D:2)
  4 dart slugs
  3 ball pythons
  4 bats
  5 endoplasms
  5 giant cockroaches
  6 goblins
  4 hobgoblins (D:1)
  7 jackals
  4 kobolds
  5 quokkas
  3 frilled lizards
  2 rats
67 creatures vanquished.

Notes
Turn   | Place    | Note
-------+----------+-------------------------------------------
     0 | D:1      | cforsyth the Barachi Fighter began the quest for the Orb.
     0 | D:1      | Reached XP level 1. HP: 18/18 MP: 1/1
    48 | D:1      | Reached XP level 2. HP: 24/25 MP: 2/2
   260 | D:1      | Reached XP level 3. HP: 30/30 MP: 3/3
   669 | D:2      | Reached XP level 4. HP: 37/37 MP: 4/4
   682 | D:2      | Found Ves Xaz's Jewellery Emporium.
   682 | D:2      | Noticed Jessica
   683 | D:2      | Noticed Sigmund
   685 | D:2      | Killed Jessica
  1134 | D:3      | Reached XP level 5. HP: 36/43 MP: 5/5
  1529 | D:3      | Found an ancient bone altar of Kikubaaqudgha.
  1537 | D:3      | Found a radiant altar of Vehumet.
  1542 | D:3      | Found a shimmering blue altar of Sif Muna.
  1549 | D:3      | Found a white marble altar of Elyvilon.
  1555 | D:3      | Found a hazy altar of Hepliaklqana.
  1563 | D:3      | Found an opulent altar of Gozag.
  1567 | D:3      | Found a sparkling altar of Nemelex Xobeh.
  1723 | D:3      | Found a faded altar of an unknown god.
  1885 | D:3      | Reached skill level 5 in Fighting
  1885 | D:3      | Reached skill level 5 in Armour
  1885 | D:3      | Reached XP level 6. HP: 47/51 MP: 6/6
  1895 | D:3      | Slain by a gnoll

Illustrated notes

Levels and vault maps discovered:
D:1:      doesnt_arrival_eight_statues, layout_rooms
D:2:      cheibrodos_helix_gallery, layout_rooms, serial_shops, shop,
          wad_orctagon, uniq_sigmund, uniq_jessica
D:3:      layout_loops_ring, grunt_temple_overflow_octagram,
          shapermc_ecumenical_altar_mp_urbaneastern, nicolae_grassy_gnolls,
          uniq_ijyb

Skill      XL: |  1  2  3  4  5 |
---------------+----------------+-----
Fighting       | 4 5 |  5.0
Armour         | 4 5 |  5.0
Axes           | 3 |  3.7
Shields        | 4 |  4.5

Action                     |  1- 3 |  4- 6 || total
---------------------------+-------+-------++-------
  Melee: War axe           |   100 |   109 ||   209
 Armour: Scale mail        |    48 |    81 ||   129
  Dodge: Dodged            |    49 |    90 ||   139
  Block: Buckler           |    26 |    39 ||    65

Table legend: (Time is in decaauts)
 A = Elapsed time spent in this place.
 B = Non-inter-level travel time spent in this place.
 C = Inter-level travel time spent in this place.
 D = Time resting spent in this place.
 E = Time spent auto-exploring this place.
 F = Levels seen in this place.
 G = Mean time per level.
                   A        B        C        D        E       F      G
               +--------+--------+--------+--------+--------+-----+--------+
         Total |   2170 |   2155 |     15 |    481 |   1149 |   3 |  723.3 |
       Dungeon |   2170 |   2155 |     15 |    481 |   1149 |   3 |  723.3 |
               +--------+--------+--------+--------+--------+-----+--------+

Top non-repeatable levels by time:
     D:3: 1096 daAuts
     D:1: 620 daAuts
     D:2: 453 daAuts
